 Dungeon Crawl Stone Soup version 0.19-a0-1320-g0178847 (webtiles) character file.

8215 Kidiri the Thaumaturge (level 11, -15/60 HPs)
             Began as a Deep Elf Fire Elementalist on Aug 31, 2016.
             Demolished by a blink frog (17 damage)
             ... on level 3 of the Lair of Beasts.
             The game lasted 00:46:45 (13244 turns).

Kidiri the Thaumaturge (DEFE)                      Turns: 13244, Time: 00:46:47

Health: -15/60     AC: 13    Str:  8    XL:     11   Next: 7%
Magic:  5/28       EV: 15    Int: 24    God:
Gold:   655        SH:  0    Dex: 15    Spells: 9 memorised, 5 levels left

rFire  + . .     SeeInvis .     b - +5 long sword of Fragile Peace {vamp, rPois rN+ MR-}
rCold  x . .     Gourm    .     v - +2 leather armour {MR+}
rNeg   + . .     Faith    +     (no shield)
rPois  +         Spirit   .     p - +0 helmet
rElec  .         Dismiss  .     z - +1 cloak (curse)
rCorr  .         Reflect  .     G - +2 pair of gloves
MR     +....     Harm     .     (no boots)
Stlth  ++++...... Clarity  +    I - amulet of faith
                                u - ring of Kunip {Fire Str+3 Stlth+}
                                J - ring of flight

@: no status effects
A: talons 1, iridescent scales 1, clarity, no device heal 1
a: Evoke Flight


You were on level 3 of the Lair of Beasts.
You were not hungry.

You visited 3 branches of the dungeon, and saw 12 of its levels.

You collected 655 gold pieces.

Inventory:

Hand Weapons
 b - the +5 long sword of Fragile Peace (weapon) {vamp, rPois rN+ MR-}
   (You found it on level 1 of the Lair of Beasts)

   It inflicts no extra harm, but heals its wielder somewhat when it strikes a
   living foe.
   It protects you from poison.
   It protects you from negative energy.
   It affects your resistance to hostile enchantments.
 l - a +4 dagger of electrocution
Armour
 o - a +0 buckler
 p - a +0 helmet (worn)
 v - a +2 leather armour of magic resistance (worn)
 z - a cursed +1 cloak (worn)
 G - a +2 pair of gloves (worn)
Jewellery
 q - an uncursed ring of stealth
 u - the ring of Kunip (right hand) {Fire Str+3 Stlth+}
   (You acquired it on level 1 of the Lair of Beasts)

   [ring of fire]

   It enhances your fire magic.
   It affects your strength (+3).
   It protects you from fire.
   It makes you vulnerable to cold.
   It makes you more stealthy.
 I - an amulet of faith (around neck)
 J - a ring of flight (left hand)
Wands
 k - a wand of heal wounds (5/9)
 y - a wand of heal wounds (4/9)
 E - a wand of acid (9/15)
Scrolls
 d - a scroll of magic mapping
 h - 4 scrolls of teleportation
 j - 2 scrolls of fear
 m - 5 scrolls of remove curse
 r - 3 scrolls of immolation
 x - 2 scrolls of fog
 F - a scroll of recharging
 H - 2 scrolls of identify
Potions
 e - 3 potions of might
 g - 5 potions of curing
 i - 3 potions of agility {unknown}
 n - 2 potions of ambrosia
 s - a potion of haste
 t - 2 potions of flight
 w - 3 potions of berserk rage {unknown}
 B - a potion of magic
 C - 2 potions of heal wounds
Books
 a - a book of Fire

   Spells                             Type                      Level
   a - Ignite Poison                  Fire/Transmutation/Poison    3
   b - Fireball                       Conjuration/Fire             5
   c - Bolt of Fire                   Conjuration/Fire             6
   d - Delayed Fireball               Conjuration/Fire             7
   e - Ring of Flames                 Charms/Fire                  7
 D - a book of Burglary

   Spells                             Type                      Level
   a - Swiftness                      Charms/Air                   2
   b - Passwall                       Transmutation/Earth          2
   c - Passage of Golubria            Translocation                4
   d - Lee's Rapid Deconstruction     Earth                        5
   e - Darkness                       Hexes                        6
   f - Invisibility                   Hexes                        6
Comestibles
 c - 6 bread rations
 f - 5 meat rations
 A - 2 fruits


   Skills:
 + Level 3.7 Fighting
 + Level 4.8 Short Blades
 + Level 3.7 Armour
 + Level 6.4 Dodging
 + Level 6.3 Stealth
 + Level 1.5 Shields
 * Level 11.0 Spellcasting
 + Level 6.8 Conjurations
 + Level 7.3 Fire Magic
 + Level 5.0 Earth Magic
 + Level 3.1 Evocations


You had 5 spell levels left.
You knew the following spells:

 Your Spells              Type           Power        Failure   Level  Hunger
a - Flame Tongue          Conj/Fire      #####        1%          1    None
b - Throw Flame           Conj/Fire      ######       1%          2    None
c - Conjure Flame         Conj/Fire      ######..     1%          3    None
d - Inner Flame           Hex/Fire       #####...     6%          3    None
e - Sticky Flame          Conj/Fire      ######..     4%          4    None
f - Fireball              Conj/Fire      ######....   12%         5    ####...
g - Delayed Fireball      Conj/Fire      N/A          100%        7    #######
h - Lee's Rapid Deconstr  Erth           #####.....   28%         5    ####...
i - Passwall              Tmut/Erth      ####......   4%          2    None


Dungeon Overview and Level Annotations

Branches:
Dungeon (8/15)             Temple (1/1) D:6            Lair (3/6) D:8
 Spider (0/4) Lair:2
  Swamp: Lair:2-4    Shoals: Lair:2-4

Altars:
Ashenzari
Cheibriados
Dithmenos
Elyvilon
Fedhas
Gozag
Hepliaklqana
Kikubaaqudgha
Makhleb
Nemelex Xobeh
Okawaru
Ru
Sif Muna
Trog
Uskayaw
Xom
Yredelemnul
Zin
The Shining One

Shops:
D:8 :


Innate Abilities, Weirdness & Mutations

You have sharp toenails.
You are partially covered in iridescent scales. (AC +2)
You possess an exceptional clarity of mind.
Potions and wands are less effective at restoring your health.


Message History

Aiming: Sticky Flame
Press: ? - help, Shift-Dir - straight line, f - blink frog
Aim: a blink frog (severely wounded)
Okay, then.
Unknown command.
The blink frog hits you!
* * * LOW HITPOINT WARNING * * *
Unknown command.
Casting: Sticky Flame
Confirm with . or Enter, or press ? or * to list all spells.
Aiming: Sticky Flame
Press: ? - help, Shift-Dir - straight line, f - blink frog
Aim: a blink frog (moderately wounded)
You feel a surge of power!
The sticky flame hits the blink frog.
The blink frog is heavily wounded.
The blink frog is covered in liquid flames!
The blink frog burns!
The blink frog hits you!
* * * LOW HITPOINT WARNING * * *
The blink frog hits you!
You die...

### #.# ..#### P≈≈≈≈ ..'..##
####### ♣P≈P≈≈≈≈≈≈
..##..####P#.#.### #PPP≈≈≈≈PP
..###.P.#........## ≈≈≈PP≈≈≈≈P
...##...P.........###≈≈≈≈≈≈≈≈≈
..##....+........###;PP≈P≈≈≈≈P
..######.......F@+...≈≈≈≈..≈≈P;
..## ##........F...P≈....PP≈≈
...# ##........#P#.............
.#.# #.#.+#.P.####.§...........
.### ##....#####.#...§PP..#...#
## ##...# ##....P####.#... ##
#.#.## #...+###...#...
.#########....#####.............#
........#..#.##.....+.....[...##.


You could see 2 blink frogs.

Vanquished Creatures
  Joseph (D:7)
  A spiny frog (Lair:2)
  2 komodo dragons
  3 blink frogs (Lair:3)
  Sigmund (D:3)
  A basilisk (Lair:2)
  11 yaks (Lair:3)
  2 hippogriffs
  A water moccasin (Lair:2)
  6 porcupines
  An ice beast (D:5)
  3 orc warriors
  A black bear (D:8)
  2 ogres
  2 phantoms (D:7)
  2 centaurs
  4 crocodiles
  3 wolves (Lair:1)
  4 giant frogs
  2 scorpions
  7 wights
  3 killer bees (D:8)
  5 crimson imps
  A centaur zombie (D:8)
  A jelly (D:8)
  5 orc priests
  6 hounds
  A giant frog skeleton (D:5)
  A centaur skeleton (D:7)
  3 iguanas
  A hell rat (D:8)
  7 orc wizards
  2 worker ants (D:6)
  A hound skeleton (D:6)
  7 gnolls
  7 adders
  16 river rats
  2 shadow imps
  4 oozes
  3 adder skeletons
  4 worms
  4 giant geckos
  18 orcs
  A ball python (D:2)
  9 bats
  7 giant cockroaches
  8 goblins
  9 hobgoblins
  11 jackals
  6 quokkas
  6 giant newts
  8 kobolds
  A quokka zombie (D:7)
  9 rats
  2 butterflies (D:8)
239 creatures vanquished.

Vanquished Creatures (others)
  2 fungi
  2 plants (Lair:3)
4 creatures vanquished.

Grand Total: 243 creatures vanquished

Notes
Turn   | Place    | Note
-------+----------+-------------------------------------------
     0 | D:1      | Kidiri the Deep Elf Fire Elementalist began the quest for the Orb.
     0 | D:1      | Reached XP level 1. HP: 10/10 MP: 6/6
   439 | D:1      | Reached XP level 2. HP: 15/15 MP: 4/8
   443 | D:1      | Learned a level 2 spell: Throw Flame
   548 | D:1      | Reached skill level 4 in Spellcasting
  1093 | D:1      | Reached XP level 3. HP: 19/19 MP: 7/10
  1098 | D:1      | Learned a level 3 spell: Conjure Flame
  1102 | D:1      | Learned a level 3 spell: Inner Flame
  1858 | D:2      | Reached XP level 4. HP: 24/24 MP: 8/12
  1930 | D:2      | Reached skill level 5 in Spellcasting
  2116 | D:2      | Learned a level 4 spell: Sticky Flame
  2503 | D:3      | Gained mutation: You are partially covered in iridescent scales. (AC +2) [potion of mutation]
  2503 | D:3      | Gained mutation: You possess an exceptional clarity of mind. [potion of mutation]
  2503 | D:3      | Gained mutation: Potions and wands are less effective at restoring your health. [potion of mutation]
  2786 | D:3      | Noticed Sigmund
  2798 | D:3      | Killed Sigmund
  2798 | D:3      | Reached skill level 6 in Spellcasting
  2798 | D:3      | Reached XP level 5. HP: 17/28 MP: 2/16
  3124 | D:3      | Reached XP level 6. HP: 13/32 MP: 6/17
  3135 | D:3      | Learned a level 5 spell: Fireball
  3531 | D:3      | Reached skill level 7 in Spellcasting
  3912 | D:4      | Noticed a hand axe
  3912 | D:4      | Found a hide-covered altar of Uskayaw.
  3913 | D:4      | Noticed a dagger
  4153 | D:4      | Found an opulent altar of Gozag.
  4154 | D:4      | Found a sparkling altar of Nemelex Xobeh.
  4254 | D:3      | Found a glowing golden altar of the Shining One.
  4280 | D:5      | Entered Level 5 of the Dungeon
  4318 | D:5      | Reached skill level 5 in Fire Magic
  4547 | D:5      | Reached XP level 7. HP: 15/37 MP: 11/19
  5159 | D:5      | Reached skill level 1 in Short Blades
  5300 | D:5      | Found an ancient bone altar of Kikubaaqudgha.
  5300 | D:5      | Found an iron altar of Okawaru.
  5301 | D:5      | Found a white marble altar of Elyvilon.
  5313 | D:5      | Found a glowing silver altar of Zin.
  5418 | D:5      | Learned a level 2 spell: Passwall
  5451 | D:5      | Reached skill level 1 in Fighting
  5747 | D:6      | Reached skill level 1 in Armour
  5883 | D:6      | Reached skill level 8 in Spellcasting
  5883 | D:6      | Reached skill level 1 in Earth Magic
  5883 | D:6      | Reached XP level 8. HP: 43/43 MP: 18/22
  6937 | D:6      | Found a staircase to the Ecumenical Temple.
  6957 | Temple   | Entered the Ecumenical Temple
  7197 | D:7      | Reached skill level 5 in Conjurations
  7648 | D:7      | Reached skill level 9 in Spellcasting
  7832 | D:7      | Noticed Joseph
  7848 | D:7      | Killed Joseph
  7848 | D:7      | Reached XP level 9. HP: 19/48 MP: 10/24
  7855 | D:7      | Learned a level 5 spell: Lee's Rapid Deconstruction
  8612 | D:8      | Reached skill level 5 in Stealth
  8612 | D:8      | Reached skill level 5 in Dodging
  8886 | D:8      | Reached skill level 10 in Spellcasting
  8995 | D:8      | Learned a level 7 spell: Delayed Fireball
  9182 | D:8      | Found a staircase to the Lair.
  9250 | D:8      | Reached skill level 1 in Evocations
  9549 | D:8      | Found a sparkling altar of Nemelex Xobeh.
  9612 | D:8      | Found Uregeabb's Book Emporium.
  9684 | D:8      | Found a shimmering altar of Xom.
  9763 | D:8      | Reached XP level 10. HP: 56/56 MP: 19/26
  9859 | D:8      | Found a sacrificial altar of Ru.
 10103 | Lair:1   | Entered Level 1 of the Lair of Beasts
 10724 | Lair:1   | Gained mutation: You have sharp toenails. [potion of beneficial mutation]
 10784 | Lair:1   | Got a fine long sword
 10788 | Lair:1   | Identified the +5 long sword of Fragile Peace {vamp, rPois rN+ MR-} (You found it on level 1 of the Lair of Beasts)
 10890 | Lair:1   | Identified a scroll of acquirement
 10891 | Lair:1   | Got a crude tin ring
 10892 | Lair:1   | Identified the ring of Kunip {Fire Str+3 Stlth+} (You acquired it on level 1 of the Lair of Beasts)
 11534 | Lair:2   | Reached skill level 1 in Shields
 11574 | Lair:2   | Found a hole to the Spider Nest.
 11967 | Lair:2   | Noticed a spiny frog
 11975 | Lair:2   | Killed a spiny frog
 12882 | Lair:3   | Reached skill level 11 in Spellcasting
 13232 | Lair:3   | Reached skill level 5 in Earth Magic
 13232 | Lair:3   | Reached XP level 11. HP: 52/60 MP: 18/28
 13244 | Lair:3   | HP: 2/60 [blink frog (14)]
 13244 | Lair:3   | Demolished by a blink frog

Vault maps used:
D:1:      mushboom_english_gardens
D:2:      first_bread, nicolae_underground_beach
D:3:      nicolae_overflow_hidden_temple, hangedman_decor_push,
          kennysheep_generic_room_12, uniq_sigmund
D:4:      grunt_temple_overflow_opulence, dancing_weapons_uskayaw
D:5:      nicolae_overflow_quartered_altars, grunt_decor_arrowhead
D:7:      minmay_lizard_king, uniq_joseph
D:8:      xom_butterflies, nicolae_overflow_crystal_walls, dpeg_lair_monsters,
          serial_shops, nicolae_shop_stone, basic_altar
Temple:   jpeg_temple_island
Lair:2:   spider_nest_entry_web_field, grunt_forest_large_clearings
Lair:3:   serial_bayou_shore_a

Skill      XL: |  1  2  3  4  5  6  7  8  9 10 11 |
---------------+----------------------------------+-----
Spellcasting   | 4 6 7 8 9 10 11 | 11.0
Conjurations   | 2 3 4 5 6 |  6.8
Fire Magic     | 4 5 6 7 |  7.3
Dodging        | 3 4 5 6 |  6.4
Short Blades   | 1 3 4 |  4.8
Stealth        | 3 4 5 6 |  6.3
Fighting       | 1 2 3 |  3.7
Armour         | 1 2 3 |  3.7
Earth Magic    | 1 3 4 5 |  5.0
Evocations     | 1 2 3 |  3.1
Shields        | 1 |  1.5

Action                   |  1- 3 |  4- 6 |  7- 9 | 10-12 || total
-------------------------+-------+-------+-------+-------++-------
Melee: Unarmed           |     1 |       |       |       ||     1
       Short sword       |     3 |       |       |       ||     3
       Dagger            |       |    44 |   101 |     4 ||   149
       Long sword        |       |       |       |    61 ||    61
       Kick              |       |       |       |    17 ||    17
 Cast: Flame Tongue      |    72 |    53 |   132 |    55 ||   312
       Throw Flame       |     3 |    12 |    32 |     4 ||    51
       Sticky Flame      |       |     4 |    16 |    17 ||    37
       Inner Flame       |       |     4 |     9 |     2 ||    15
       Conjure Flame     |       |     3 |    11 |     3 ||    17
       Fireball          |       |     2 |     1 |     8 ||    11
Evoke: Wand              |       |       |     1 |       ||     1
  Use: Scroll            |       |     5 |    14 |     8 ||    27
       Potion            |       |     2 |     4 |     1 ||     7
 Stab: Sleeping          |       |     3 |     6 |     2 ||    11
       Distracted        |       |       |       |     1 ||     1
  Eat: Chunk             |     3 |     9 |     6 |     2 ||    20
       Beef jerky        |       |       |     1 |     1 ||     2
       Pizza             |       |       |     6 |       ||     6
       Fruit             |       |       |       |     9 ||     9
       Meat ration       |       |       |       |     1 ||     1
       Bread ration      |       |       |       |     1 ||     1
Armor: Robe              |     4 |    12 |    19 |       ||    35
       Leather armour    |       |       |    11 |    25 ||    36
Dodge: Dodged            |    29 |    57 |   101 |    58 ||   245
